 Dungeon Crawl Stone Soup version 0.31.0 (webtiles) character file.

Game seed: 8114179800908443702

61 Daunt the Chopper (level 3, 0/49 HPs)
             Began as a Minotaur Berserker on Jan 19, 2024.
             Was a Believer of Trog.
             Slain by a ribbon worm (1 damage)
             ... on level 3 of the Dungeon.
             The game lasted 00:02:31 (1117 turns).

Daunt the Chopper (Minotaur Berserker)              Turns: 1117, Time: 00:02:31

Health: 0/49       AC:  2    Str: 29    XL:     3   Next: 83%
Magic:  2/2        EV: 12    Int:  4    God:    Trog [**....]
Gold:   104        SH:  0    Dex:  9    Spells: 2/2 levels left

rFire   . . .        a - +0 hand axe
rCold   . . .        (no shield)
rNeg    . . .        b - +0 animal skin
rPois   .            (helmet restricted)
rElec   .            (no cloak)
rCorr   .            (no gloves)
SInv    .            (no boots)
Will    ++...        (no amulet) Stlth
                     j - +6 ring of strength
HPRegen 1.28/turn    (no ring)
MPRegen 0.08/turn

%: no passive effects
@: berserking, strong-willed, regenerating, very quick
A: horns 2, retaliatory headbutt
a: Renounce Religion, Berserk, Trog's Hand


You were on level 3 of the Dungeon.
You worshipped Trog.
Trog was pleased with you.
You visited 1 branch of the dungeon, and saw 3 of its levels.

You collected 104 gold pieces.

Inventory:

Hand Weapons
 a - a +0 hand axe (weapon)
 d - a +0 sling
Missiles
 c - 30 stones (quivered)
Armour
 b - a +0 animal skin (worn)
Jewellery
 j - a +6 ring of strength (left hand)
Scrolls
 f - 2 scrolls of enchant armour {unknown}
 h - 2 scrolls of teleportation {unknown}
 k - 2 scrolls of identify {unknown}
 n - 2 scrolls of revelation {unknown}
 o - a scroll of vulnerability {unknown}
Potions
 e - 2 potions of ambrosia {unknown}
 g - 2 potions of curing {unknown}
 i - a potion of enlightenment {unknown}
 l - a potion of might {unknown}
 m - 2 potions of heal wounds {unknown}


   Skills:
 + Level 4.1 Fighting
 * Level 4.6 Axes
 + Level 3.1 Armour
 + Level 2.8 Dodging


You had 2 spell levels left.
You didn't know any spells.
Your spell library was empty.

Dungeon Overview and Level Annotations

Branches:
Dungeon (3/15)

Altars:
Xom

Annotations:
D:2 Sigmund


Innate Abilities, Weirdness & Mutations

You have a pair of horns on your head.
You reflexively headbutt those who attack you in melee.


Message History

Unknown command.
Unknown command.
Something hits you.
* * * LOW HITPOINT WARNING * * *
The ribbon worm expels a string of sticky webbing.
The stream of webbing hits you but does no damage.
You are caught in a web!
There is a web here.
Unknown command.
Unknown command.
You struggle to detach yourself from the web.
Something hits you.
* * * LOW HITPOINT WARNING * * *
Unknown command.
Unknown command.
The web tears apart.
Something barely misses you.
Unknown command.
Unknown command.
A red film seems to cover your vision as you go berserk!
You feel yourself moving faster!
You feel mighty!
You hear some strange, mumbled words.
A puff of flame appears from out of thin air!
The puff of flame hits you!
* * * LOW HITPOINT WARNING * * *
The ribbon worm bites you.
* * * LOW HITPOINT WARNING * * *
Unknown command.
Unknown command.
Unknown command.
You barely miss the ribbon worm. You slash something! Something hits you.
* * * LOW HITPOINT WARNING * * *
Unknown command.
Unknown command.
Unknown command.
You hit the ribbon worm.
The ribbon worm is moderately wounded.
You barely miss something. Something hits you.
* * * LOW HITPOINT WARNING * * *
The ribbon worm bites you.
You die...

.# #.###S.#.#+#
. .......#....
#.#S ....#....
.#. ....... ..
..... #.#+#..#
..##.#.#@#.†#
........w{r.#
...#.###†##)#
......).....#
####.##.......#
.............
......#..#.##.#
......#..#.# #
. ###.##.# #


You could see a ribbon worm (catching breath) and a rat.

Vanquished Creatures
  An adder (D:3)
  A ribbon worm (D:2)
  2 orcs (D:3)
  3 ball pythons
  6 endoplasms
  A giant cockroach (D:1)
  5 goblins
  3 hobgoblins
  3 quokkas
  4 bats
  8 frilled lizards
  3 kobolds
  6 rats
46 creatures vanquished.

Notes
Turn   | Place    | Note
-------+----------+-------------------------------------------
     0 | D:1      | Daunt the Minotaur Berserker began the quest for the Orb.
     0 | D:1      | Reached XP level 1. HP: 19/19 MP: 0/0
   239 | D:1      | Reached XP level 2. HP: 23/27 MP: 1/1
   462 | D:1      | Reached ** piety under Trog
   655 | D:2      | Noticed Sigmund
   733 | D:2      | Reached XP level 3. HP: 21/33 MP: 2/2
   914 | D:3      | Found a shimmering altar of Xom.
  1115 | D:3      | HP: 1/49 [ribbon worm (5)]
  1117 | D:3      | Slain by a ribbon worm

Illustrated notes

Levels and vault maps discovered:
D:1:      scummos_arrival_simple_crosswalls, layout_loops_ring, hex_large,
          minmay_misc_feat_more_columns
D:2:      layout_rooms, nicolae_wormholes, uniq_sigmund
D:3:      layout_basic, regret_index_xom_buried_treasure

Skill      XL: |  1  2  3 |
---------------+----------+-----
Axes           | 4 |  4.6
Fighting       | 4 |  4.1
Armour         | 3 |  3.1
Dodging        | |  2.8

Action                     || total
---------------------------++-------
  Melee: Hand axe          ||    83
         Headbutt          ||    10
         Punch             ||     1
 Invoke: Berserk           ||     1
         Trog's Hand       ||     1
   Stab: Sleeping          ||     1
 Armour: Animal skin       ||    55
  Dodge: Dodged            ||    61
